 Dungeon Crawl Stone Soup version 0.17-a0-2118-g63bad21 (webtiles) character file.

394 nrokreffefp the Slinger (level 7, 0/48 HPs)
             Began as a Halfling Hunter on Oct 20, 2015.
             Was a Follower of Okawaru.
             Succumbed to Edmund's poison
             ... on level 4 of the Dungeon.
             The game lasted 00:11:56 (5250 turns).

nrokreffefp the Slinger (Halfling Hunter)           Turns: 5250, Time: 00:11:56

Health: 0/48       AC:  4    Str: 15      XL:     7   Next: 9%
Magic:  7/7        EV: 14    Int:  7 (10) God:    Okawaru [*.....]
Gold:   178        SH:  0    Dex: 16      Spells: 0 memorised, 6 levels left

rFire  . . .     SeeInvis .     w - +3 quarterstaff (chaos)
rCold  . . .     Clarity  .     f - +0 leather armour (curse)
rNeg   . . .     SustAt   .     (shield restricted)
rPois  .         Gourm    .     (no helmet)
rElec  .         Spirit   .     x - +0 cloak
rCorr  +         Warding  .     (no gloves)
rMut   .         Stasis   .     (no boots)
MR     .....                    i - amulet of resist corrosion
Stlth  ++........               (no ring)
                                t - +2 ring of strength

@: lethally poisoned (0 -> -4), very slightly contaminated, hasted, very quick,
not resistant to hostile enchantments, unstealthy
A: mutation resistance 1
a: Heroism, Renounce Religion


You were on level 4 of the Dungeon.
You worshipped Okawaru.
Okawaru was aware of your devotion.
You were not hungry.

You visited 1 branch of the dungeon, and saw 4 of its levels.

You collected 178 gold pieces.

Inventory:

Hand Weapons
 a - a +2 hunting sling
 w - a +3 quarterstaff of chaos (weapon)
Missiles
 d - 97 stones (quivered)
 v - 15 sling bullets
Armour
 f - a cursed +0 leather armour (worn)
 x - a +0 cloak (worn)
Jewellery
 h - an uncursed amulet of the gourmand
 i - an amulet of resist corrosion (around neck)
 t - a +2 ring of strength (left hand)
 z - an uncursed ring of protection from fire {unknown}
Scrolls
 j - a scroll of recharging
 m - 3 scrolls of teleportation
 o - 2 scrolls of fear
 p - a scroll of enchant weapon
 y - a scroll of random uselessness {unknown}
Potions
 c - a potion of heal wounds {unknown}
 k - a potion of curing {unknown}
 l - a potion of ambrosia
 q - a potion of haste
 r - a potion of mutation {unknown}
 s - a potion of poison {unknown}
 u - a potion of resistance {unknown}
 A - a potion of flight {unknown}
 B - a potion of magic {unknown}
Comestibles
 e - 4 bread rations
 g - 3 fruits
 n - a meat ration


   Skills:
 + Level 4.1 Fighting
 * Level 9.6 Slings
 - Level 2.1 Dodging
 - Level 1.1 Stealth


You had 6 spell levels left.
You didn't know any spells.

Dungeon Overview and Level Annotations

Branches:
Dungeon (4/15)
 Temple: D:4-7

Altars:
Makhleb
Okawaru
Xom

Annotations:
D:4 Edmund


Innate Abilities, Weirdness & Mutations

You are small and have problems with some larger weapons.
You are somewhat resistant to further mutation.


Message History

You sock the ogre!
Space bends around the ogre.
The ogre is heavily wounded.
You feel sick. The ogre hits you with a giant club!
* * * LOW HITPOINT WARNING * * *
You sock the ogre! You freeze the ogre.
You kill the ogre!
Okawaru is honoured by your kill.
You can now gain great but temporary skills.
Your Fighting skill increases to level 4!
You have reached level 7!
* * * LOW HITPOINT WARNING * * *
You feel sick.
Drink which item? (? for menu, Esc to quit)
It was a potion of haste.
You feel yourself speed up.
You are very lightly contaminated with residual magic.
Drink which item? (? for menu, Esc to quit)
It was a potion of degeneration.
There was something very wrong with that liquid.
You feel dopey.
You die...

..######.##.##
..######.#...####
@...............+
..######.#...####
..# #.##.## ..#
####.#### #.#
#.......## #.#
#........#######
..#
#.##.#......@).#
### #.
#.#...#####.##.###
#
#.#...#........?...
#.#.........#...###
#.##..#.####.....#
....>[#.# #...##
.....#.# #.## .. ..
.# # ## #


There were no monsters in sight!

Vanquished Creatures
  An ogre (D:4)
  A scorpion (D:4)
  Crazy Yiuf (D:3)
  A hound (D:4)
  An orc wizard (D:4)
  7 adders
  A river rat (D:3)
  A gnoll (D:1)
  3 worms
  4 orcs
  7 bats
  14 goblins
  5 hobgoblins
  15 jackals
  4 kobolds (D:2)
  A quokka (D:4)
  2 ball pythons (D:3)
  3 giant cockroaches
  A giant gecko (D:3)
  2 giant gecko skeletons (D:4)
  6 giant newts
  17 rats
98 creatures vanquished.

Notes
Turn   | Place    | Note
--------------------------------------------------------------
     0 | D:1      | nrokreffefp the Halfling Hunter began the quest for the Orb.
     0 | D:1      | Reached XP level 1. HP: 14/14 MP: 1/1
   101 | D:1      | Reached skill level 6 in Slings
   354 | D:1      | Reached XP level 2. HP: 19/19 MP: 2/2
   545 | D:1      | Reached XP level 3. HP: 17/24 MP: 3/3
  1777 | D:2      | Found a shimmering altar of Xom.
  1777 | D:2      | Found a burning altar of Makhleb.
  1874 | D:2      | Reached XP level 4. HP: 28/30 MP: 4/4
  1948 | D:2      | Reached skill level 7 in Slings
  2545 | D:2      | Found an iron altar of Okawaru.
  2558 | D:2      | Became a worshipper of Warmaster Okawaru
  3160 | D:3      | Reached XP level 5. HP: 31/36 MP: 5/5
  3267 | D:3      | Reached skill level 8 in Slings
  3682 | D:3      | Noticed Crazy Yiuf
  3700 | D:3      | Killed Crazy Yiuf
  4219 | D:3      | Reached XP level 6. HP: 23/42 MP: 6/6
  4795 | D:4      | Reached skill level 9 in Slings
  5215 | D:4      | Noticed Edmund
  5243 | D:4      | HP: 1/43 [ogre/giant club (10)]
  5248 | D:4      | Reached * piety under Okawaru
  5248 | D:4      | Reached XP level 7. HP: 1/48 MP: 7/7
  5248 | D:4      | HP: 1/48 [poisoned by Edmund]
  5250 | D:4      | Succumbed to Edmund's poison

Vault maps used:
D:1:      matt_arrival_diagonals, minivault_23
D:2:      gammafunk_temple_overflow_pools, okawaru_gym_becter
D:3:      portal_sewer_entry_b, kennysheep_cross_room, uniq_crazy_yiuf_cottage
D:4:      first_bread, uniq_edmund

Action                   |  1- 3 |  4- 6 |  7- 9 || total
-------------------------+-------+-------+-------++-------
Melee: Short sword       |   129 |   152 |       ||   281
       Quarterstaff      |       |   103 |       ||   103
 Fire: Hunting sling     |       |    30 |       ||    30
  Use: Scroll            |       |     7 |       ||     7
       Potion            |       |     1 |     2 ||     3
 Stab: Sleeping          |     3 |     4 |       ||     7
  Eat: Chunk             |     2 |     9 |       ||    11
       Beef jerky        |       |     1 |       ||     1
       Pizza             |       |     1 |       ||     1
